 Dungeon Crawl Stone Soup version 0.30.0-19-g36f170ea60 (webtiles) character file.

Game seed: 3628624723123170735

788 PriceMaster the Magician (level 7, 0/44 HPs)
             Began as an Octopode Transmuter on May 26, 2023.
             Slain by a gnoll
             ... wielding a +0 spear
              (8 damage)
             ... on level 5 of the Dungeon.
             The game lasted 00:08:16 (6168 turns).

PriceMaster the Magician (Octopode Transmuter)      Turns: 6168, Time: 00:08:17

Health: 0/44       AC:  1    Str:  9    XL:     7   Next: 87%
Magic:  10/14      EV: 13    Int: 17    God:
Gold:   240        SH:  5    Dex: 13    Spells: 11/15 levels left

rFire   . .          .
                       - Unarmed
rCold   . . .        (no shield)
rNeg    . . .        (helmet currently unavailable)
rPois   +            f - amulet of reflection
rElec   .            u - ring of poison resistance
rCorr   .            w - ring of willpower
SInv    .            (no ring)
Will    +....        (no ring)
Stlth   +++          (no ring)
HPRegen 0.27/turn    (no ring)
MPRegen 0.14/turn    (no ring)
                     (no ring)

%: reflection
@: appendages, wereblooded
A: tentacle spike 3, almost no armour, amphibious, 8 rings, camouflage 1,
gelatinous body 1, (nimble swimmer 1), tentacles
a: End Transformation


You were on level 5 of the Dungeon.
One of your tentacles had grown a beastly spike.
You visited 1 branch of the dungeon, and saw 5 of its levels.

You collected 240 gold pieces.

Inventory:

Hand Weapons
 b - a +0 whip
 h - a +0 rapier
Missiles
 o - a throwing net
Magical Staves
 l - a staff of earth
Jewellery
 f - an amulet of reflection (around mantle)
 u - a ring of poison resistance (left tentacle)
 w - a ring of willpower (right tentacle)
 y - a +4 ring of protection
Wands
 x - a wand of mindburst (15)
Scrolls
 c - a scroll of teleportation {unknown}
 g - a scroll of poison {unknown}
 i - 7 scrolls of identify {unknown}
 m - 2 scrolls of amnesia {unknown}
 q - a scroll of fear {unknown}
 r - a scroll of enchant armour {unknown}
Potions
 a - a potion of lignification
 d - a potion of degeneration {unknown}
 e - a potion of magic {unknown}
 j - a potion of flight {unknown}
 k - a potion of might {unknown}
 n - a potion of ambrosia {unknown}
 p - 2 potions of resistance {unknown}
 s - a potion of curing {unknown}
 t - 2 potions of mutation {unknown}
 v - a potion of attraction {unknown}


   Skills:
 + Level 1.8 Fighting
 + Level 0.8 Short Blades
 + Level 0.2 Maces & Flails
 + Level 2.9 Dodging
 + Level 1.3 Stealth
 + Level 1.2 Shields
 + Level 4.3 Unarmed Combat
 + Level 4.8 Spellcasting
 + Level 2.2 Hexes
 + Level 4.5 Transmutations


You had 11 spell levels left.
You knew the following spells:

 Your Spells              Type           Power      Damage    Failure   Level
a - Beastly Appendage     Tmut           38%        N/A       2%          1
b - Wereblood             Tmut           19%        N/A       3%          2
c - Slow                  Hex            44%        N/A       6%          1

Your spell library contained the following spells:

 Spells                   Type           Power      Damage    Failure   Level
 Spider Form              Tmut/Pois      11%        N/A       17%         3
 Confusing Touch          Hex            11%        N/A       19%         3
 Sublimation of Blood     Necr           4%         N/A       22%         2
 Gell's Gravitas          Tloc           4%         N/A       41%         3
 Teleport Other           Tloc           4%         N/A       41%         3
 Vampiric Draining        Necr           4%         2d6       41%         3
 Vhi's Electric Charge    Tloc/Air       8%         N/A       41%         3
 Ice Form                 Ice/Tmut       11%        N/A       50%         4
 Arcjolt                  Conj/Air       2%         1d12      99%         5
 Dispersal                Tloc           2%         N/A       100%        6
 Plasma Beam              Fire/Air       2%         2x1d13    100%        6
 Summon Hydra             Summ           2%         N/A       100%        7


Dungeon Overview and Level Annotations

Branches:
Dungeon (5/15)             Temple (0/1) D:4

Altars:
Zin
The Shining One


Innate Abilities, Weirdness & Mutations

One of your tentacles has grown a beastly spike.
You cannot wear most types of armour.
You are amphibious.
You can wear up to eight rings at the same time.
Your skin changes colour to match your surroundings (Stealth+).
Your rubbery body absorbs attacks. (AC +1, EV +1)
((You are camouflaged when in or above water. (Stealth+)))
You have tentacles for arms and can constrict up to eight enemies at once.


Message History

Press: ? - help, Shift-Dir - straight line, f - gnoll
Aim: a gnoll, wielding a +0 spear and wearing a +4 ring of protection (chance to affect: 53%)
You miscast Slow.
You are very lightly contaminated with residual magic.
Nothing appears to happen.
The gnoll hits you from afar with a +0 spear!
Casting: Slow (safe; 6% risk of failure)
Confirm with . or Enter, or press ? or * to list all spells.
Aiming: Slow (safe; 6% risk of failure)
Press: ? - help, Shift-Dir - straight line, f/p - gnoll
Aim: a gnoll, wielding a +0 spear and wearing a +4 ring of protection (chance to affect: 53%)
The gnoll resists with significant effort.
The gnoll hits you from afar with a +0 spear.
The gnoll hits you with a +0 spear.
You closely miss the gnoll. Your grab misses the gnoll.
The gnoll hits you with a +0 spear!
You are too injured to fight recklessly!
You are too injured to fight recklessly!
You are too injured to fight recklessly!
You are too injured to fight recklessly!
You barely miss the gnoll. You grab the gnoll.
You squeeze the gnoll, but do no damage.
You constrict the gnoll. The gnoll hits you with a +0 spear!
You tentacle-slap the gnoll.
You pierce the gnoll.
The gnoll is severely wounded.
You constrict the gnoll. The gnoll hits you with a +0 spear.
* * * LOW HITPOINT WARNING * * *
You tentacle-slap the gnoll but do no damage.
The gnoll is severely wounded.
You constrict the gnoll, but do no damage.
The gnoll misses you.
You tentacle-slap the gnoll but do no damage.
The gnoll is severely wounded.
You constrict the gnoll. The gnoll hits you with a +0 spear.
* * * LOW HITPOINT WARNING * * *
Your magical contamination has completely faded away.
You tentacle-slap the gnoll.
The gnoll is almost dead.
You constrict the gnoll. The gnoll hits you with a +0 spear!
You die...

#. #.## ###############..#####
#....†.......@g......# #######
#.#####..#####....>#.# #......
#.#####..# ........# #.#####
#.#......# #.....#.###.#####
#.#.###..# #...............#
#.#.###..#####...###.###.###.#
#...............####.# #.###.#
###.########.........###......
#.### ##.....##.......)##


You could see a gnoll.

Vanquished Creatures
  A water moccasin (D:5)
  A centaur (D:5)
  A bullfrog (D:5)
  2 scorpions
  3 hounds (D:5)
  2 jellies (D:4)
  A gnoll bouda (D:3)
  An iguana (D:4)
  8 gnolls
  7 adders
  A worm (D:5)
  4 orcs
  5 ball pythons
  14 endoplasms
  2 giant cockroaches
  6 goblins
  8 hobgoblins
  3 jackals (D:1)
  7 kobolds
  5 quokkas
  5 bats
  5 frilled lizards
  7 rats
99 creatures vanquished.

Notes
Turn   | Place    | Note
-------+----------+-------------------------------------------
     0 | D:1      | PriceMaster the Octopode Transmuter began the quest for the
                  | Orb.
     0 | D:1      | Reached XP level 1. HP: 13/13 MP: 3/3
   141 | D:1      | Reached XP level 2. HP: 14/18 MP: 3/5
   149 | D:1      | Learned a level 2 spell: Wereblood
   708 | D:1      | Reached XP level 3. HP: 20/23 MP: 1/6
  1902 | D:2      | Reached skill level 1 in Stealth
  2209 | D:2      | Reached XP level 4. HP: 21/28 MP: 4/7
  2271 | D:2      | Learned a level 1 spell: Slow
  2994 | D:3      | Reached XP level 5. HP: 27/33 MP: 3/9
  4396 | D:4      | Reached skill level 1 in Shields
  4396 | D:4      | Reached XP level 6. HP: 20/38 MP: 4/11
  4634 | D:4      | Found a glowing silver altar of Zin.
  5099 | D:4      | Found a staircase to the Ecumenical Temple.
  5178 | D:4      | Reached skill level 1 in Hexes
  5318 | D:5      | Entered Level 5 of the Dungeon
  5452 | D:5      | Reached XP level 7. HP: 43/43 MP: 7/13
  5626 | D:5      | Found a glowing golden altar of the Shining One.
  6168 | D:5      | Slain by a gnoll

Illustrated notes

Levels and vault maps discovered:
D:1:      scummos_arrival_simple_fountains, layout_loops_ring, serial_forest,
          infiniplex_forest_clump_tiny, infiniplex_forest_clump_double,
          infiniplex_forest_fountain, infiniplex_forest_clump_small,
          infiniplex_forest_lined_room_2, infiniplex_forest_pool,
          infiniplex_forest_lined_room_3, infiniplex_forest_straight_5
D:2:      layout_loops_cross
D:3:      layout_basic
D:4:      layout_rooms, mainiacjoe_overflow_surrounded_room,
          minmay_temple_entry_gardened_gates, minmay_distorted
D:5:      layout_loops_corners, mainiacjoe_overflow_alcove_1

Skill      XL: |  1  2  3  4  5  6  7 |
---------------+----------------------+-----
Stealth        | 1 |  1.3
Transmutations | 3 4 |  4.5
Spellcasting   | 3 4 |  4.8
Shields        | 1 |  1.2
Hexes          | 1 2 |  2.2
Unarmed Combat | 4 |  4.3
Fighting       | |  1.8
Short Blades   | |  0.8
Maces & Flails | |  0.2
Dodging        | |  2.9

Action                     |  1- 3 |  4- 6 |  7- 9 || total
---------------------------+-------+-------+-------++-------
  Melee: Unarmed           |    26 |   124 |    49 ||   199
         Constrict         |    20 |    27 |     9 ||    56
         Kick              |    16 |    25 |    23 ||    64
         Tentacles         |    35 |    29 |     9 ||    73
         Whip              |    89 |       |       ||    89
         Rapier            |    28 |     5 |       ||    33
         Punch             |     6 |     4 |     1 ||    11
   Cast: Beastly Appendage |    40 |    31 |    12 ||    83
         Wereblood         |    28 |    27 |    12 ||    67
         Slow              |       |    39 |    14 ||    53
    Use: Potion            |       |     1 |       ||     1
   Stab: Sleeping          |    11 |     1 |       ||    12
 Armour: Skin              |     5 |    34 |     1 ||    40
  Dodge: Dodged            |    39 |    58 |    20 ||   117
  Block: Other             |     5 |    26 |    11 ||    42
         Reflection        |       |     1 |     1 ||     2
